 Dungeon Crawl Stone Soup version 0.28-a0-834-g1a73be5ee4 (webtiles) character file.

Game seed: 13399668629370831320

2611 croobank the Thaumaturge (level 9, -3/81 HPs)
             Began as a Purple Draconian Earth Elementalist on Nov 11, 2021.
             Was an Initiate of Ru.
             Slain by Harold (6 damage)
             ... on level 7 of the Dungeon.
             The game lasted 00:50:26 (6681 turns).

croobank the Thaumaturge (DrEE)                     Turns: 6681, Time: 00:50:27

Health: -3/81      AC:  8    Str: 12    XL:     9   Next: 34%
Magic:  21/21      EV: 16    Int: 16    God:    Ru [......]
Gold:   318        SH:  0    Dex: 11    Spells: 14/24 levels left

rFire   . . .      SeeInvis .   B - +6 spear of Wariness {drain, Drain +Blink rC+ rN+}
rCold   + . .      Faith    .   (no shield)
rNeg    + . .      Spirit   .   (armour unavailable)
rPois   .          Reflect  .   (helmet restricted)
rElec   .          Harm     .   (no cloak)
rCorr   .          Rampage  .   k - +0 pair of gloves
Will    +....                   (no boots)
Stlth   ++........              (no amulet)
HPRegen 0.23/turn               j - +4 ring of evasion
MPRegen 0.17/turn               p - ring of flight

@: about to teleport, marked, on berserk cooldown, flying, slowed, very slow
A: breathe power, AC +7, unfitting armour, cold-blooded, stinger 2, clumsy 1,
robust 1
a: Breathe Dispelling Energy, Renounce Religion, Evoke Blink


You were on level 7 of the Dungeon.
You worshipped Ru.
Ru was noncommittal.
You visited 2 branches of the dungeon, and saw 8 of its levels.

You collected 348 gold pieces.
You spent 30 gold pieces at shops.

Inventory:

Hand Weapons
 c - a +0 flail
 d - a +0 short sword of electrocution
 t - the +1 trident "Wargher" {flame, *Rage rElec rPois}
   (You found it on level 4 of the Dungeon)

   It burns those it strikes, dealing additional fire damage.
   rElec:     It insulates you from electricity.
   rPois:     It protects you from poison.
   *Rage:     It berserks you when you make melee attacks (+20% chance).
 w - a +2 shortbow of flaming
 B - the +6 spear of Wariness (weapon) {drain, Drain +Blink rC+ rN+}
   (You took it off an orc on level 5 of the Dungeon)

   A truly terrible weapon, it drains the life of any living foe it strikes.
   rC:        It protects you from cold.
   rN:        It protects you from negative energy.
   +Blink:    It lets you blink.
   Drain:     It drains your maximum health when unequipped.
Missiles
 b - 91 stones
 x - 35 arrows
 F - 16 poisoned darts
Armour
 k - a +0 pair of gloves (worn)
 q - a +0 tower shield
Magical Staves
 a - a staff of cold
 H - a staff of poison
Jewellery
 j - a +4 ring of evasion (left hand)
 p - a ring of flight (right hand)
Wands
 g - a wand of acid (5)
 i - a wand of flame (7)
 r - a wand of polymorph (7)
 s - a wand of iceblast (14)
 D - a wand of paralysis (9)
Scrolls
 e - a scroll of enchant weapon
 h - 3 scrolls of teleportation
 m - 2 scrolls of noise {unknown}
 n - a scroll of summoning {unknown}
 o - 2 scrolls of amnesia {unknown}
 v - a scroll of fog {unknown}
 y - 2 scrolls of immolation
 z - 2 scrolls of torment {unknown}
 A - a scroll of blinking {unknown}
 E - a scroll of magic mapping {unknown}
 G - a scroll of vulnerability {unknown}
 I - a scroll of fear {unknown}
 J - a scroll of enchant armour {unknown}
Potions
 f - 2 potions of curing
 l - a potion of magic
 u - 2 potions of brilliance
 C - a potion of mutation
 L - a potion of might {unknown}


   Skills:
 * Level 5.1 Fighting
 * Level 4.8(5.1) Polearms
 - Level 2.4(3.9) Staves
 * Level 2.8 Throwing
 + Level 3.1 Dodging
 + Level 3.1 Stealth
 * Level 8.1 Spellcasting
 + Level 0.5 Conjurations
 + Level 1.0 Transmutations
 + Level 5.7 Earth Magic
 + Level 1.4 Evocations


You had 14 spell levels left.
You knew the following spells:

 Your Spells              Type           Power      Damage    Failure   Level
a - Sandblast             Erth           48%        2d12      1%          1
b - Stone Arrow           Conj/Erth      32%        3d9       10%         3
c - Passwall              Tmut/Erth      14%        N/A       4%          2
d - Petrify               Tmut/Erth      17%        N/A       26%         4

Your spell library contained the following spells:

 Spells                   Type           Power      Damage    Failure   Level
 Passage of Golubria      Tloc           6%         N/A       73%         4
 Silence                  Hex/Air        3%         N/A       97%         5
 Lehudib's Crystal Spear  Conj/Erth      8%         10d3      100%        8


Dungeon Overview and Level Annotations

Branches:
Dungeon (7/15)             Temple (1/1) D:6

Altars:
Ashenzari
Cheibriados
Dithmenos
Elyvilon
Fedhas
Gozag
Hepliaklqana
Kikubaaqudgha
Makhleb
Nemelex Xobeh
Okawaru
Qazlal
Ru
Sif Muna
Trog
Uskayaw
Vehumet
Zin
The Shining One

Shops:
D:7 **

Annotations:
D:7 Harold


Innate Abilities, Weirdness & Mutations

You can breathe bolts of dispelling energy.
Your rich purple scales are hard. (AC +7)
You cannot fit into any form of body armour.
You are cold-blooded and may be slowed by cold attacks.
Your tail ends in a sharp venomous barb.
You are clumsy. (Dex -2)
You are robust. (+10% HP)


Message History

* * * LOW HITPOINT WARNING * * *
Okay, then.
You feel better.
Harold points at you and mumbles some strange words.
You barely resist. You barely miss Harold.
Harold is severely wounded.
You have got your breath back.
Harold hits you with a +2 long sword of freezing!
* * * LOW HITPOINT WARNING * * *
Harold freezes you.
* * * LOW HITPOINT WARNING * * *
You fail to use your ability.
Harold hits you with a +2 long sword of freezing!
* * * LOW HITPOINT WARNING * * *
Harold freezes you.
* * * LOW HITPOINT WARNING * * *
Okay, then.
Okay, then.
Press: ? - help, v - describe, . - travel
Here: Harold, wielding a +2 long sword of freezing, wearing a +0 scale mail and quivering 3 throwing nets (severely wounded, covered in acid, lightly drained)
The floor, spattered with blood.
It was a potion of berserk rage.
A red film seems to cover your vision as you go berserk!
You feel yourself moving faster!
You feel mighty! Harold casts a spell at you. The mark upon you grows brighter.
Okay, then.
You are too berserk!
You are too berserk!
You are too berserk!
You feel a strong urge to attack something.
You feel your anger nearly subside.
You are no longer berserk.
You are exhausted.
You feel yourself slow down.
As you read the scroll of teleportation, it crumbles to dust.
You feel strangely unstable.
Harold hits you with a +2 long sword of freezing.
You die...

#.# #.....##.#
#.# #.....##..
#.# #.....####
##.# #######
#..# #...# ###
#.## ###...###..
#.# #.......#.#
#.# #.......#.#
#.# #[.....@#.#
#.####.....@##.#
#............@.#
#######.....####
#######


You could see Harold (corroded, drained).

Vanquished Creatures
  A cyclops (D:6)
  Joseph (D:7)
  A troll (D:7)
  Eustachio (D:6)
  2 black bears
  A hornet zombie (D:7)
  3 ogres
  2 centaurs
  2 phantoms
  A bullfrog (D:4)
  2 scorpions (D:6)
  2 hounds
  A jelly (D:4)
  3 bullfrog skeletons
  A gnoll shaman (D:7)
  3 centaur skeletons
  4 iguanas
  4 gnolls (D:7)
  2 shadow imps (D:5)
  A white imp (D:6)
  2 worms
  3 dart slugs
  4 orcs
  5 ball pythons
  5 bats
  8 endoplasms
  3 giant cockroaches
  6 goblins
  8 hobgoblins
  3 jackals (D:5)
  2 quokkas (D:4)
  2 frilled lizards
  10 kobolds
  5 rats
104 creatures vanquished.

Notes
Turn   | Place    | Note
-------+----------+-------------------------------------------
     0 | D:1      | croobank the Draconian Earth Elementalist began the quest
                  | for the Orb.
     0 | D:1      | Reached XP level 1. HP: 14/14 MP: 3/3
   217 | D:1      | Reached XP level 2. HP: 22/22 MP: 1/5
   345 | D:1      | Found a faded altar of an unknown god.
  1158 | D:2      | Gained mutation: Your tail ends in a venomous barb. [potion
                  | of mutation]
  1158 | D:2      | Gained mutation: You are clumsy. (Dex -2) [potion of
                  | mutation]
  1158 | D:2      | Gained mutation: Your tail ends in a sharp venomous barb.
                  | [potion of mutation]
  1158 | D:2      | Gained mutation: You are robust. (+10% HP) [potion of
                  | mutation]
  1176 | D:2      | Reached skill level 1 in Fighting
  1261 | D:2      | Reached XP level 3. HP: 19/30 MP: 3/6
  1760 | D:3      | Found a glowing silver altar of Zin.
  2256 | D:3      | Found a burning altar of Makhleb.
  2256 | D:3      | Noticed an Executioner
  2259 | D:3      | Noticed a neqoxec
  2259 | D:3      | Noticed a ynoxinul
  2440 | D:3      | Learned a level 3 spell: Stone Arrow
  2496 | D:4      | Noticed an ogre
  2500 | D:4      | Killed an ogre
  2501 | D:4      | Reached skill level 3 in Spellcasting
  2501 | D:4      | Reached XP level 4. HP: 39/39 MP: 6/9
  2501 | D:4      | Reached XP level 5. HP: 45/45 MP: 6/10
  2566 | D:4      | Reached skill level 1 in Staves
  2661 | D:4      | Reached skill level 4 in Spellcasting
  2724 | D:4      | Learned a level 2 spell: Passwall
  2742 | D:4      | Noticed a centaur
  2754 | D:4      | Killed a centaur
  2755 | D:4      | Reached XP level 6. HP: 23/52 MP: 7/12
  2927 | D:4      | Learned a level 4 spell: Petrify
  3406 | D:4      | Reached skill level 5 in Spellcasting
  3406 | D:4      | Your scales start taking on a rich purple colour.
  3406 | D:4      | Reached skill level 6 in Spellcasting
  3406 | D:4      | Reached XP level 7. HP: 61/61 MP: 8/16
  3657 | D:4      | Found a snail-covered altar of Cheibriados.
  3668 | D:4      | Identified the +1 trident "Wargher" {flame, *Rage rElec
                  | rPois}
  3682 | D:4      | Identified the +4 chain mail of Responsibility {Int+4}
  3781 | D:5      | Entered Level 5 of the Dungeon
  4209 | D:5      | Identified the +6 spear of Wariness {drain, Drain +Blink
                  | rC+ rN+}
  4297 | D:5      | Reached skill level 1 in Polearms
  4443 | D:5      | Reached skill level 5 in Earth Magic
  4737 | D:6      | Noticed a cyclops
  4747 | D:6      | Killed a cyclops
  4748 | D:6      | Reached skill level 1 in Throwing
  4748 | D:6      | Reached skill level 7 in Spellcasting
  4748 | D:6      | Reached skill level 1 in Evocations
  4748 | D:6      | Reached XP level 8. HP: 62/72 MP: 17/19
  5209 | D:6      | Found an iron altar of Okawaru.
  5678 | D:6      | Found a staircase to the Ecumenical Temple.
  5727 | D:6      | Noticed Eustachio
  5735 | D:6      | Killed Eustachio
  5897 | Temple   | Entered the Ecumenical Temple
  5904 | Temple   | Became a worshipper of Ru the Awakened
  5981 | D:7      | Found Xaemon's Specific Store.
  5997 | D:7      | Found Wery's General Store.
  6009 | D:7      | Bought a scroll of identify for 30 gold pieces
  6126 | D:7      | Noticed a troll
  6130 | D:7      | Killed a troll
  6131 | D:7      | Reached XP level 9. HP: 79/79 MP: 18/20
  6208 | D:7      | Reached skill level 8 in Spellcasting
  6376 | D:7      | Noticed Joseph
  6391 | D:7      | Killed Joseph
  6392 | D:7      | Reached skill level 5 in Fighting
  6662 | D:7      | Noticed Harold
  6674 | D:7      | HP: 3/81 [Harold (11)]
  6674 | D:7      | HP: 1/81 [Harold (2)]
  6681 | D:7      | Slain by Harold

Illustrated notes

Levels and vault maps discovered:
D:1:      scummos_arrival_star, layout_basic,
          shapermc_ecumenical_altar_mp_highgroup
D:2:      layout_rooms
D:3:      layout_rooms, makhleb_altar_promises_db, zin_statuary,
          minmay_fractal_squares_5
D:4:      layout_loops_cross, cheibriados_altar_2
D:5:      layout_basic
D:6:      layout_basic, mainiacjoe_overflow_catwalk,
          minmay_temple_entry_large_hall, uniq_eustachio
D:7:      layout_loops_cross, pdpol_wu_jian_five_deadly_venoms,
          nicolae_specific_store, uniq_joseph, uniq_harold
Temple:   eino_wide_crystal_templ

Skill      XL: |  1  2  3  4  5  6  7  8  9 |
---------------+----------------------------+-----
Dodging        | 2 3 |  3.1
Fighting       | 1 2 3 4 5 |  5.1
Stealth        | 2 3 |  3.1
Spellcasting   | 3 4 6 7 8 |  8.1
Staves         | 1 2 |  2.4
Earth Magic    | 4 5 |  5.7
Polearms       | 2 3 4 |  4.8
Throwing       | 1 2 |  2.8
Evocations     | 1 |  1.4
Conjurations   | |  0.5
Transmutations | |  1.0

Action                   |  1- 3 |  4- 6 |  7- 9 || total
-------------------------+-------+-------+-------++-------
Melee: Staff             |    83 |    29 |     8 ||   120
       Tailslap          |    11 |     5 |    16 ||    32
       Trident           |       |       |    79 ||    79
       Spear             |       |       |    44 ||    44
 Cast: Sandblast         |    53 |    18 |    26 ||    97
       Stone Arrow       |       |     2 |       ||     2
 Abil: Breathe Dispellin |       |       |    11 ||    11
Evoke: Wand              |     2 |     4 |    13 ||    19
  Use: Scroll            |     5 |       |     4 ||     9
       Potion            |     1 |       |     2 ||     3
 Stab: Sleeping          |     3 |       |     1 ||     4
Armor: Skin              |    25 |    24 |    25 ||    74
Dodge: Dodged            |    67 |    40 |   110 ||   217

Table legend: (Time is in decaauts)
 A = Elapsed time spent in this place.
 B = Non-inter-level travel time spent in this place.
 C = Inter-level travel time spent in this place.
 D = Time resting spent in this place.
 E = Time spent auto-exploring this place.
 F = Levels seen in this place.
 G = Mean time per level.
                   A        B        C        D        E       F      G
               +--------+--------+--------+--------+--------+-----+--------+
         Total |   6794 |   6638 |    156 |   1126 |   4255 |   8 |  849.2 |
       Dungeon |   6739 |   6591 |    148 |   1126 |   4225 |   7 |  962.7 |
        Temple |     54 |     46 |      8 |      0 |     30 |   1 |   54.0 |
               +--------+--------+--------+--------+--------+-----+--------+

Top non-repeatable levels by time:
     D:4: 1320 daAuts
     D:6: 1215 daAuts
     D:5: 1020 daAuts
     D:1: 890 daAuts
     D:2: 833 daAuts
     D:3: 754 daAuts
     D:7: 703 daAuts
  Temple: 54 daAuts
